 Dungeon Crawl Stone Soup version 0.31-a0-986-g5e6e4ef867 (webtiles) character file.

Game seed: 15974622348990891682

1748 wingedge the Cleaver (level 8, 0/71 HPs)
             Began as a Minotaur Fighter on Nov 15, 2023.
             Was a Follower of Makhleb.
             Slain by Menkaure (14 damage)
             ... on level 7 of the Dungeon.
             The game lasted 00:13:09 (4537 turns).

wingedge the Cleaver (Minotaur Fighter)             Turns: 4537, Time: 00:13:10

Health: 0/71       AC: 11    Str: 22    XL:     8   Next: 78%
Magic:  10/10      EV: 15    Int:  5    God:    Makhleb [*.....]
Gold:   144        SH:  4    Dex: 11    Spells: 7/7 levels left

rFire   . . .        a - +0 war axe
rCold   . . .        c - +0 buckler
rNeg    . . .        d - +3 ring mail {Will+}
rPois   .            (helmet restricted)
rElec   .            v - +0 cloak
rCorr   .            k - +0 pair of gloves
SInv    +            (no boots)
Will    +....        A - amulet of regeneration
Stlth   +            s - ring of see invisible
HPRegen 1.11/turn    E - +5 ring of evasion
MPRegen 0.12/turn

%: no passive effects
@: hasted, very quick
A: horns 2, retaliatory headbutt
a: Renounce Religion


You were on level 7 of the Dungeon.
You worshipped Makhleb.
Makhleb was aware of your devotion.
You visited 2 branches of the dungeon, and saw 8 of its levels.

You collected 267 gold pieces.
You spent 123 gold pieces at shops.

Inventory:

Hand Weapons
 a - a +0 war axe (weapon)
 n - a +2 whip of flaming
 B - a +1 quarterstaff of speed
 C - the +5 mace "Ymoedi" {flame, Contam Str+4}
   (You found it on level 6 of the Dungeon)

   Str+4:     It affects your strength (+4).
   Contam:    It causes magical contamination when unequipped.
Missiles
 w - 6 poisoned darts
Armour
 c - a +0 buckler (worn)
 d - a +3 ring mail of willpower (worn)
 k - a +0 pair of gloves (worn)
 v - a +0 cloak (worn)
Magical Staves
 o - a staff of poison
Jewellery
 s - a ring of see invisible (left hand)
 z - an amulet of reflection
 A - an amulet of regeneration (around neck)
 E - a +5 ring of evasion (right hand)
Wands
 x - a wand of paralysis (11)
 y - a wand of mindburst (16)
 F - a wand of acid (12)
Scrolls
 b - a scroll of silence
 f - 3 scrolls of enchant weapon
 g - 5 scrolls of teleportation
 j - a scroll of blinking {unknown}
 m - 3 scrolls of revelation
 q - a scroll of fog {unknown}
 r - a scroll of immolation {unknown}
Potions
 e - a potion of degeneration {unknown}
 h - 2 potions of mutation
 l - 2 potions of brilliance
 p - a potion of berserk rage {unknown}
 t - a potion of lignification {unknown}
 u - a potion of curing {unknown}
 D - a potion of ambrosia {unknown}


   Skills:
 + Level 6.5 Fighting
 + Level 11.2 Axes
 - Level 4.0 Armour
 - Level 4.0 Shields
 - Level 4.0 Invocations


You had 7 spell levels left.
You didn't know any spells.
Your spell library contained the following spells:

 Spells                   Type           Power      Damage    Failure   Level
 Shock                    Conj/Air       0%         1d3       71%         1
 Slow                     Hex            0%         N/A       71%         1
 Ensorcelled Hibernation  Hex/Ice        0%         N/A       83%         2
 Passwall                 Tmut/Erth      0%         N/A       83%         2
 Static Discharge         Conj/Air       0%         3-3/arc   83%         2
 Confusing Touch          Hex            0%         N/A       97%         3
 Frozen Ramparts          Ice            0%         1d1       97%         3
 Sigil of Binding         Hex            0%         N/A       97%         3
 Swiftness                Air            0%         N/A       97%         3
 Vampiric Draining        Necr           0%         2d6       97%         3
 Airstrike                Air            0%         2d(0-16)  100%        4
 Petrify                  Tmut/Erth      0%         N/A       100%        4
 Summon Lightning Spire   Summ/Air       0%         N/A       100%        4
 Metabolic Englaciation   Hex/Ice        0%         N/A       100%        5


Dungeon Overview and Level Annotations

Branches:
Dungeon (7/15)             Temple (1/1) D:4

Altars:
Ashenzari
Cheibriados
Dithmenos
Elyvilon
Fedhas
Gozag
Hepliaklqana
Makhleb
Nemelex Xobeh
Okawaru
Qazlal
Sif Muna
Trog
Uskayaw
Vehumet
Wu Jian
Yredelemnul
Zin
The Shining One

Shops:
D:2 :*[(   D:5 ?=(

Annotations:
D:2 2 transporters
D:7 Menkaure


Innate Abilities, Weirdness & Mutations

You have a pair of horns on your head.
You reflexively headbutt those who attack you in melee.


Message History

Your life force feels restored.
You hit Menkaure.
Menkaure is moderately damaged.
You hit the orc warrior but do no damage.
Menkaure completely misses you. You furiously retaliate!
You headbutt Menkaure.
Okay, then.
Okay, then.
Press: ? - help, v - describe, . - travel
Here: an orc warrior, wielding the +8 rapier of Eternity {drain, rPois rC+ MP+9} and wearing a +0 plate armour (heavily wounded)
A stone staircase leading up.
Unknown command.
Aiming: Paralyse
Press: ? - help, Shift-Dir - straight line, f - orc warrior
Aim: an orc warrior, wielding the +8 rapier of Eternity {drain, rPois rC+ MP+9} and wearing a +0 plate armour (heavily wounded, chance to affect: 49%)
The orc warrior suddenly stops moving!
The helpless orc warrior fails to defend itself.
You hit the orc warrior but do no damage.
The orc warrior is heavily wounded.
You hit Menkaure but do no damage. Menkaure misses you.
The helpless orc warrior fails to defend itself.
You hit the orc warrior but do no damage.
The orc warrior is heavily wounded.
You hit Menkaure.
The helpless orc warrior fails to defend itself.
You hit the orc warrior but do no damage.
You headbutt the orc warrior, but do no damage.
The orc warrior is heavily wounded.
You hit Menkaure but do no damage.
Menkaure gestures at you while chanting.
Pain shoots through your body!
* * * LOW HITPOINT WARNING * * *
The helpless orc warrior fails to defend itself.
You hit the orc warrior but do no damage.
The orc warrior is heavily wounded.
You hit Menkaure.
The helpless orc warrior fails to defend itself.
You slash the orc warrior!
The orc warrior is severely wounded.
You hit Menkaure. Menkaure hits you!
You die...

#..
#..#
#..#
##...
...#
..#
##..#
#o.#
#@)#
#)M.#
##..#
.#.#
###.#
#.#
#.#
..


You could see an orc warrior (paralysed) and Menkaure.

Vanquished Creatures
  Pikel (D:4)
  Duvessa (D:7)
  An orc warrior (D:3)
  2 lemures (D:4)
  A kobold brigand (D:6)
  2 scorpions
  Dowan (D:7)
  A howler monkey (D:5)
  4 orc priests
  6 hounds
  2 jellies (D:5)
  Terence (D:3)
  4 iguanas
  4 orc wizards
  A statue (D:3)
  4 gnolls (D:5)
  9 adders
  2 white imps
  4 ufetubi
  A worm (D:2)
  6 dart slugs
  20 orcs
  3 bats
  4 endoplasms
  5 giant cockroaches
  7 hobgoblins
  3 jackals (D:1)
  5 kobolds
  4 quokkas
  5 ball pythons
  3 frilled lizards
  2 goblins
  3 rats
122 creatures vanquished.

Notes
Turn   | Place    | Note
-------+----------+-------------------------------------------
     0 | D:1      | wingedge the Minotaur Fighter began the quest for the Orb.
     0 | D:1      | Reached XP level 1. HP: 19/19 MP: 0/0
    80 | D:1      | Reached skill level 3 in Axes
   153 | D:1      | Reached XP level 2. HP: 26/26 MP: 1/1
   427 | D:1      | Reached skill level 4 in Axes
   686 | D:2      | Found Zidiut's Antique Armour Boutique.
   720 | D:2      | Reached XP level 3. HP: 31/31 MP: 2/2
   723 | D:2      | Found Umockua's Book Emporium.
   997 | D:2      | Found a transporter.
  1012 | D:2      | Found Jowk's Antique Weapon Shop.
  1020 | D:2      | Reached skill level 5 in Axes
  1064 | D:2      | Found Exuyfo Qasa's General Store.
  1093 | D:2      | Found a faded altar of an unknown god.
  1214 | D:2      | Found Rufuu's Magic Scroll Shoppe.
  1310 | D:2      | Found a transporter.
  1526 | D:3      | Reached XP level 4. HP: 39/39 MP: 3/3
  1633 | D:3      | Noticed Terence
  1639 | D:3      | Killed Terence
  1640 | D:3      | Reached skill level 6 in Axes
  1662 | D:3      | Noticed an orc warrior
  1668 | D:3      | Killed an orc warrior
  1669 | D:3      | Reached skill level 7 in Axes
  1669 | D:3      | Reached XP level 5. HP: 30/45 MP: 4/4
  1762 | D:3      | Found a radiant altar of Vehumet.
  1762 | D:3      | Noticed a charred statue
  1772 | D:3      | Killed a charred statue
  1859 | D:3      | Reached XP level 6. HP: 51/51 MP: 5/5
  1885 | D:3      | You fall into a shaft and drop 1 floor!
  1900 | D:4      | Found a staircase to the Ecumenical Temple.
  1913 | Temple   | Entered the Ecumenical Temple
  1932 | Temple   | Became a worshipper of Makhleb the Destroyer
  1982 | D:4      | Reached skill level 8 in Axes
  2076 | D:4      | Noticed Pikel
  2086 | D:4      | Killed Pikel
  2087 | D:4      | Reached skill level 9 in Axes
  2087 | D:4      | Reached XP level 7. HP: 35/59 MP: 5/8
  2835 | D:4      | Reached XP level 8. HP: 57/66 MP: 10/10
  3085 | D:5      | Entered Level 5 of the Dungeon
  3085 | D:5      | Found Qaptublu's Weapon Boutique.
  3154 | D:5      | Found Xype's Magic Scroll Emporium.
  3157 | D:5      | Bought a scroll of enchant weapon for 97 gold pieces
  3157 | D:5      | Bought a scroll of identify for 26 gold pieces
  3163 | D:5      | Reached skill level 10 in Axes
  3442 | D:5      | Reached * piety under Makhleb
  3519 | D:5      | Reached skill level 5 in Fighting
  3625 | D:5      | Found Durch's Jewellery Shop.
  3983 | D:6      | Found a basalt altar of Yredelemnul.
  3983 | D:6      | Found a hazy altar of Hepliaklqana.
  4315 | D:6      | Reached skill level 11 in Axes
  4344 | D:6      | Identified the +5 mace "Ymoedi" {flame, Contam Str+4}
  4520 | D:7      | Noticed Dowan
  4521 | D:7      | Noticed Duvessa
  4526 | D:7      | Noticed Menkaure
  4527 | D:7      | Identified the +8 rapier of Eternity {drain, rPois rC+
                  | MP+9}
  4529 | D:7      | Killed Dowan
  4530 | D:7      | Killed Duvessa
  4537 | D:7      | Slain by Menkaure

Illustrated notes

Levels and vault maps discovered:
D:1:      saegor_arrival_simple_c, layout_loops_ring
D:2:      layout_basic, hellmonk_ecumenical_altar_arch_garden, serial_shops,
          nicolae_shop_drivethru, shop,
          nicolae_shop_temple_entry_statues_fountains, nicolae_shop_peninsula,
          shop
D:3:      layout_rooms, vehumet_statue, uniq_terence
D:4:      layout_loops_corners, minmay_temple_entry_proselytizer, uniq_pikel
D:5:      layout_basic, serial_shops, kennysheep_mini, nicolae_stop_n_shop_2,
          shop
D:6:      layout_basic, mainiacjoe_overflow_divided_tiny
D:7:      layout_layer_cave, nicolae_kikubaaqudgha_miasma_corner,
          nicolae_ru_awakened_eye, serial_shops, shop, minmay_shattered_shrine,
          uniq_duvessa, uniq_menkaure
Temple:   nicolae_temple_slightly_damp_pantheon

Skill      XL: |  1  2  3  4  5  6  7  8 |
---------------+-------------------------+-----
Axes           | 3 4 5 7 9 11 | 11.2
Fighting       | 4 6 |  6.5
Armour         | 4 |  4.0
Shields        | 4 |  4.0
Invocations    | 3 4 |  4.0

Action                     |  1- 3 |  4- 6 |  7- 9 || total
---------------------------+-------+-------+-------++-------
  Melee: War axe           |    78 |    56 |   154 ||   288
         Headbutt          |     9 |     7 |    25 ||    41
  Evoke: Wand              |       |       |     1 ||     1
    Use: Potion            |       |     1 |     1 ||     2
         Scroll            |       |       |     6 ||     6
   Stab: Paralysed         |       |       |     5 ||     5
 Armour: Scale mail        |    53 |    17 |       ||    70
         Ring mail         |       |    24 |    91 ||   115
  Dodge: Dodged            |    41 |    19 |    74 ||   134
  Block: Buckler           |    16 |    10 |    28 ||    54

Table legend: (Time is in decaauts)
 A = Elapsed time spent in this place.
 B = Non-inter-level travel time spent in this place.
 C = Inter-level travel time spent in this place.
 D = Time resting spent in this place.
 E = Time spent auto-exploring this place.
 F = Levels seen in this place.
 G = Mean time per level.
                   A        B        C        D        E       F      G
               +--------+--------+--------+--------+--------+-----+--------+
         Total |   4570 |   4387 |    183 |    161 |   3276 |   8 |  571.2 |
       Dungeon |   4531 |   4384 |    147 |    161 |   3276 |   7 |  647.3 |
        Temple |     38 |      2 |     36 |      0 |      0 |   1 |   38.0 |
               +--------+--------+--------+--------+--------+-----+--------+

Top non-repeatable levels by time:
     D:4: 975 daAuts
     D:2: 833 daAuts
     D:5: 759 daAuts
     D:1: 703 daAuts
     D:6: 675 daAuts
     D:3: 570 daAuts
  Temple: 38 daAuts
     D:7: 12 daAuts
